3AA
SAN BERNARDINO GRASSHOPPERS @ GLENDALE HERONS
06/14/2025
 
TOP OF THE 1ST
San Bernardino Grasshoppers batting - Pitching for Glendale Herons : LHP José Ortíz
Pitching: LHP José Ortíz
Batting: RHB Enrico Betancourt 0-0: Called Strike
0-1: Ball
1-1: Foul Ball, location: 2F
1-2: Ball
2-2: Foul Ball, location: 2F
2-2: TRIPLE (Line Drive, 9LS)
Batting: RHB Arnold Giroux 0-0: Called Strike
0-1: Foul Ball, location: 2F
0-2: Ground out 5-3 (Groundball, 5)
Batting: SHB Zuberi Mccray 0-0: Ball
1-0: Ball
2-0: Foul Ball, location: 2F
2-1: Ground out 6-3 (Groundball, 6)
Enrico Betancourt scores
Batting: RHB Brandon Cole 0-0: Swinging Strike
0-1: Ball
1-1: Ball
2-1: Ball
3-1: Swinging Strike
3-2: Strikes out looking
Top of the 1st over - 1 run(s), 1 hit(s), 0 error(s), 0 left on base; San Bernardino 1 - Glendale 0
BOTTOM OF THE 1ST
Glendale Herons batting - Pitching for San Bernardino Grasshoppers : LHP Peter Hall
Pitching: LHP Peter Hall
Batting: RHB Luis Trevino 0-0: Ball
1-0: Ball
2-0: Bunted foul
2-1: Fly out, F8 (Flyball, 89D)
Batting: RHB Jordan Hollins 0-0: Foul Ball, location: 2F
0-1: Foul Ball, location: 2F
0-2: Ball
1-2: SINGLE (Groundball, 56D)
Batting: RHB Frank Grimes 0-0: Called Strike
0-1: Ball
1-1: Ball
2-1: Foul Ball, location: 2F
2-2: Ball
Jordan Hollins is caught stealing 2nd base
3-2: Fly out, F9 (Flyball, 9LDF)
Bottom of the 1st over - 0 run(s), 1 hit(s), 0 error(s), 0 left on base; San Bernardino 1 - Glendale 0
TOP OF THE 2ND
San Bernardino Grasshoppers batting - Pitching for Glendale Herons : LHP José Ortíz
Batting: LHB Mario Nieves 0-0: Ground out U3 (Groundball, 34S)
Batting: LHB Natale Langushi 0-0: Ball
1-0: Swinging Strike
1-1: Foul Ball, location: 2F
1-2: Fly out, F2 (Popup, 13)
Batting: RHB Matt Roloff 0-0: Foul Ball, location: 2F
0-1: Foul Ball, location: 2F
0-2: Ball
1-2: Ball
2-2: Strikes out swinging
Top of the 2nd over - 0 run(s), 0 hit(s), 0 error(s), 0 left on base; San Bernardino 1 - Glendale 0
BOTTOM OF THE 2ND
Glendale Herons batting - Pitching for San Bernardino Grasshoppers : LHP Peter Hall
Batting: RHB Lúcio Sánchez 0-0: Swinging Strike
0-1: Ball
1-1: Ball
2-1: Called Strike
2-2: Ball
3-2: Strikes out swinging
Batting: RHB José Masaferro 0-0: Called Strike
0-1: Ball
1-1: Foul Ball, location: 2F
1-2: Ball
2-2: Ball
3-2: Base on Balls
Batting: SHB Tom Oglander 0-0: Ball
1-0: Ball
2-0: Called Strike
2-1: Ball
3-1: Grounds into double play, 5-4-3 (Groundball, 56)
Bottom of the 2nd over - 0 run(s), 0 hit(s), 0 error(s), 0 left on base; San Bernardino 1 - Glendale 0
TOP OF THE 3RD
San Bernardino Grasshoppers batting - Pitching for Glendale Herons : LHP José Ortíz
Batting: LHB Homer Spence 0-0: Fly out, F7 (Flyball, 7)
Batting: RHB José Urruticodez 0-0: Ball
1-0: Swinging Strike
1-1: Called Strike
1-2: Ball
2-2: Ground out 6-3 (Groundball, 6)
Batting: RHB Enrico Betancourt 0-0: Called Strike
0-1: Foul Ball, location: 2F
0-2: Ground out 6-3 (Groundball, 6)
Top of the 3rd over - 0 run(s), 0 hit(s), 0 error(s), 0 left on base; San Bernardino 1 - Glendale 0
BOTTOM OF THE 3RD
Glendale Herons batting - Pitching for San Bernardino Grasshoppers : LHP Peter Hall
Batting: RHB Ronald Drumpf 0-0: Fly out, F7 (Flyball, 78S)
Batting: RHB Lionel McCloud 0-0: Ball
1-0: DOUBLE (Line Drive, 78M)
Batting: SHB Pedro Vásquez 0-0: Called Strike
0-1: Fly out, F9 (Line Drive, 9LM)
Batting: RHB Luis Trevino 0-0: Fly out, F9 (Flyball, 9LMF)
Bottom of the 3rd over - 0 run(s), 1 hit(s), 0 error(s), 1 left on base; San Bernardino 1 - Glendale 0
TOP OF THE 4TH
San Bernardino Grasshoppers batting - Pitching for Glendale Herons : LHP José Ortíz
Batting: RHB Arnold Giroux 0-0: Ball
1-0: Ball
2-0: Ball
3-0: Called Strike
3-1: Base on Balls
Batting: SHB Zuberi Mccray 0-0: DOUBLE (Line Drive, 8LD)
Arnold Giroux to third
Runner from 3rd tries for Home, SAFE, no throw
Batting: RHB Brandon Cole 0-0: Foul Ball, location: 2F
0-1: Foul Ball, location: 2F
0-2: Fly out, F8 (Flyball, 8LS)
Batting: LHB Mario Nieves 0-0: Foul Ball, location: 2F
0-1: Swinging Strike
0-2: Strikes out swinging
Batting: LHB Natale Langushi 0-0: Swinging Strike
0-1: Foul Ball, location: 2F
0-2: Fly out, F8 (Flyball, 78M)
Top of the 4th over - 1 run(s), 1 hit(s), 0 error(s), 1 left on base; San Bernardino 2 - Glendale 0
BOTTOM OF THE 4TH
Glendale Herons batting - Pitching for San Bernardino Grasshoppers : LHP Peter Hall
Batting: RHB Jordan Hollins 0-0: Ball
1-0: Ground out 6-3 (Groundball, 6)
Batting: RHB Frank Grimes 0-0: Reached on error, E5 (Groundball, 56)
Batting: RHB Lúcio Sánchez 0-0: Ball
1-0: Foul Ball, location: 2F
1-1: Ball
2-1: Foul Ball, location: 2F
2-2: Ball
3-2: Fly out, F6 (Popup, 4MD)
Batting: RHB José Masaferro 0-0: Foul Ball, location: 2F
0-1: Called Strike
0-2: Ball
1-2: Foul Ball, location: 2F
1-2: Strikes out swinging
Bottom of the 4th over - 0 run(s), 0 hit(s), 1 error(s), 1 left on base; San Bernardino 2 - Glendale 0
TOP OF THE 5TH
San Bernardino Grasshoppers batting - Pitching for Glendale Herons : LHP José Ortíz
Batting: RHB Matt Roloff 0-0: Foul Ball, location: 2F
0-1: Swinging Strike
0-2: Ball
1-2: Strikes out swinging
Batting: LHB Homer Spence 0-0: Called Strike
0-1: Ball
1-1: Ball
2-1: Ball
3-1: Fly out, F8 (Flyball, 8RM)
Batting: RHB José Urruticodez 0-0: Ball
1-0: SINGLE (Line Drive, 6D)
Batting: RHB Enrico Betancourt 0-0: Ball
1-0: Called Strike
1-1: Ball
2-1: Called Strike
2-2: Ground out 1-3 (Groundball, 13S)
Top of the 5th over - 0 run(s), 1 hit(s), 0 error(s), 1 left on base; San Bernardino 2 - Glendale 0
BOTTOM OF THE 5TH
Glendale Herons batting - Pitching for San Bernardino Grasshoppers : LHP Peter Hall
Batting: SHB Tom Oglander 0-0: Swinging Strike
0-1: Swinging Strike
0-2: Foul Ball, location: 2F
0-2: Ball
1-2: Foul Ball, location: 2F
1-2: Strikes out looking
Batting: RHB Ronald Drumpf 0-0: Ball
1-0: Ball
2-0: Ball
3-0: Base on Balls
Batting: RHB Lionel McCloud 0-0: Called Strike
0-1: Foul Ball, location: 2F
0-2: Strikes out swinging
Batting: SHB Pedro Vásquez 0-0: Swinging Strike
0-1: Called Strike
0-2: Fly out, F8 (Flyball, 8RM)
Bottom of the 5th over - 0 run(s), 0 hit(s), 0 error(s), 1 left on base; San Bernardino 2 - Glendale 0
TOP OF THE 6TH
San Bernardino Grasshoppers batting - Pitching for Glendale Herons : LHP José Ortíz
Batting: RHB Arnold Giroux 0-0: Fly out, F8 (Flyball, 8RM)
Batting: SHB Zuberi Mccray 0-0: Ball
1-0: Ball
2-0: Ball
3-0: Base on Balls
Batting: RHB Brandon Cole 0-0: Swinging Strike
0-1: Ball
1-1: Ball
2-1: Fly out, F6 (Line Drive, 6D)
Batting: LHB Mario Nieves 0-0: Ball
1-0: Fly out, F7 (Flyball, 7)
Top of the 6th over - 0 run(s), 0 hit(s), 0 error(s), 1 left on base; San Bernardino 2 - Glendale 0
BOTTOM OF THE 6TH
Glendale Herons batting - Pitching for San Bernardino Grasshoppers : LHP Peter Hall
Batting: RHB Luis Trevino 0-0: Ball
1-0: Ball
2-0: Ball
3-0: Called Strike
3-1: Foul Ball, location: 2F
3-2: SINGLE (Groundball, 4D)
Batting: RHB Jordan Hollins 0-0: Grounds into double play, 6-4-3 (Groundball, 6)
Batting: RHB Frank Grimes 0-0: Called Strike
0-1: Foul Ball, location: 2F
0-2: Ball
1-2: Fly out, F9 (Flyball, 9S)
Bottom of the 6th over - 0 run(s), 1 hit(s), 0 error(s), 0 left on base; San Bernardino 2 - Glendale 0
TOP OF THE 7TH
San Bernardino Grasshoppers batting - Pitching for Glendale Herons : LHP José Ortíz
Batting: LHB Natale Langushi 0-0: Ball
1-0: Foul Ball, location: 2F
1-1: Ball
2-1: Called Strike
2-2: Ball
3-2: Foul Ball, location: 2F
3-2: Base on Balls
Batting: RHB Matt Roloff 0-0: Swinging Strike
0-1: Ball
1-1: Called Strike
1-2: Ball
2-2: Ground out 4-3 (Groundball, 34)
Natale Langushi to second
Batting: LHB Homer Spence 0-0: Ball
1-0: SINGLE (Groundball, 15S) (infield hit)
Natale Langushi to third
Pinch Hitting: RHB José Ruíz 0-0: Fly out, F9 (Flyball, 9LS)
Runner from 3rd tags up, SCORES, no throw
Batting: RHB Enrico Betancourt 0-0: Ball
1-0: Ball
2-0: Swinging Strike
2-1: Foul Ball, location: 2F
2-2: SINGLE (Line Drive, 78S)
Homer Spence to second
Homer Spence to third
Batting: RHB Arnold Giroux 0-0: Foul Ball, location: 2F
0-1: Foul Ball, location: 2F
0-2: Ball
1-2: Ball
2-2: SINGLE (Line Drive, 8LS)
Homer Spence scores
Enrico Betancourt to second
Batting: SHB Zuberi Mccray 0-0: Called Strike
0-1: Ball
1-1: Ball
2-1: Ball
3-1: SINGLE (Groundball, 56D)
Enrico Betancourt to third
Arnold Giroux to second
Runner from 3rd tries for Home, SAFE, no throw
Pitching: LHP Manny Castellanos
Batting: RHB Brandon Cole 0-0: Ball
1-0: Fly out, F8 (Flyball, 8LM)
Top of the 7th over - 3 run(s), 4 hit(s), 0 error(s), 2 left on base; San Bernardino 5 - Glendale 0
BOTTOM OF THE 7TH
Glendale Herons batting - Pitching for San Bernardino Grasshoppers : LHP Peter Hall
Now at 2B: Jaime López
Batting: RHB Lúcio Sánchez 0-0: Swinging Strike
0-1: Swinging Strike
0-2: Ball
1-2: Strikes out swinging
Batting: RHB José Masaferro 0-0: Foul Ball, location: 2F
0-1: Ball
1-1: Foul Ball, location: 2F
1-2: Fly out, F3 (Line Drive, 3S)
Batting: SHB Tom Oglander 0-0: Called Strike
0-1: Ball
1-1: Ball
2-1: Called Strike
2-2: Ball
3-2: Fly out, F9 (Flyball, 9LS)
Bottom of the 7th over - 0 run(s), 0 hit(s), 0 error(s), 0 left on base; San Bernardino 5 - Glendale 0
TOP OF THE 8TH
San Bernardino Grasshoppers batting - Pitching for Glendale Herons : LHP Manny Castellanos
Batting: LHB Mario Nieves 0-0: Ball
1-0: Ball
2-0: Ball
3-0: Called Strike
3-1: Called Strike
3-2: Ground out 4-3 (Groundball, 4M)
Batting: LHB Natale Langushi 0-0: Foul Ball, location: 2F
0-1: Ball
1-1: SINGLE (Groundball, 6MD)
Batting: RHB Matt Roloff 0-0: Ball
1-0: Ground out 5-3 (Groundball, 56S)
Natale Langushi to second
Batting: LHB Homer Spence 0-0: Called Strike
0-1: Foul Ball, location: 2F
0-2: Ball
1-2: Strikes out swinging
Top of the 8th over - 0 run(s), 1 hit(s), 0 error(s), 1 left on base; San Bernardino 5 - Glendale 0
BOTTOM OF THE 8TH
Glendale Herons batting - Pitching for San Bernardino Grasshoppers : LHP Peter Hall
Pitching: RHP Arturo Villa
Batting: RHB Ronald Drumpf 0-0: Called Strike
0-1: Ball
1-1: Ball
2-1: Fly out, F9 (Flyball, 9S)
Batting: RHB Lionel McCloud 0-0: Foul Ball, location: 2F
0-1: Swinging Strike
0-2: Ball
1-2: Strikes out swinging
Batting: SHB Pedro Vásquez 0-0: Foul Ball, location: 2F
0-1: Called Strike
0-2: Fly out, F7 (Flyball, 7LM)
Bottom of the 8th over - 0 run(s), 0 hit(s), 0 error(s), 0 left on base; San Bernardino 5 - Glendale 0
TOP OF THE 9TH
San Bernardino Grasshoppers batting - Pitching for Glendale Herons : LHP Manny Castellanos
Pitching: RHP José Peńa
Batting: RHB Jaime López 0-0: Called Strike
0-1: Fly out, F8 (Flyball, 8RD)
Batting: RHB Enrico Betancourt 0-0: Ball
1-0: Called Strike
1-1: Ball
2-1: Foul Ball, location: 2F
2-2: Foul Ball, location: 2F
2-2: Strikes out swinging
Batting: RHB Arnold Giroux 0-0: Ball
1-0: Foul Ball, location: 2F
1-1: Swinging Strike
1-2: Ball
2-2: Ball
3-2: Strikes out swinging
Top of the 9th over - 0 run(s), 0 hit(s), 0 error(s), 0 left on base; San Bernardino 5 - Glendale 0
BOTTOM OF THE 9TH
Glendale Herons batting - Pitching for San Bernardino Grasshoppers : RHP Arturo Villa
Pitching: LHP Héctor Valentín
Now at C: Bradley Rowe
Now in LF: Manuel García
Batting: RHB Luis Trevino 0-0: Called Strike
0-1: Called Strike
0-2: Ball
1-2: Ground out 4-3 (Groundball, 4)
Batting: RHB Jordan Hollins 0-0: Ball
1-0: Ball
2-0: Ball
3-0: Foul Ball, location: 2F
3-1: Foul Ball, location: 2F
3-2: Base on Balls
Batting: RHB Frank Grimes 0-0: Called Strike
0-1: Called Strike
0-2: Strikes out swinging
Batting: RHB Lúcio Sánchez 0-0: Called Strike
0-1: Foul Ball, location: 2F
0-2: Ball
1-2: Ball
2-2: Foul Ball, location: 2F
2-2: Ground out 1-3 (Groundball, 15S)
Bottom of the 9th over - 0 run(s), 0 hit(s), 0 error(s), 1 left on base; San Bernardino 5 - Glendale 0
Friday, December 30th, 2016 - OOTP Baseball 17.12 Build 75